 Dungeon Crawl Stone Soup version 0.32-a0-834-geaf45d8e21 (webtiles) character file.

Game seed: 15695296749995745741

84 domi the Poker (level 4, -14/33 HPs)
             Began as a Demonspawn Gladiator on Mar 25, 2024.
             Demolished by an ogre
             ... wielding a +0 giant spiked club
              (23 damage)
             ... on level 3 of the Dungeon.
             The game lasted 00:02:02 (2255 turns).

domi the Poker (Demonspawn Gladiator)               Turns: 2255, Time: 00:02:03

Health: -14/33     AC:  3    Str: 14 (16) XL:     4   Next: 24%
Magic:  4/4        EV: 11    Int:  6 (9)  God:
Gold:   133        SH:  0    Dex: 13 (14) Spells: 3/3 levels left

rFire   . . .        a - +0 trident
rCold   . . .        (no shield)
rNeg    . . .        b - +0 leather armour
rPois   .            (helmet restricted)
rElec   .            (no cloak)
rCorr   .            (no gloves)
SInv    .            (no boots)
Will    .....        (no amulet)
Stlth   +            (no ring)
HPRegen 0.25/turn    (no ring)
MPRegen 0.09/turn

%: no passive effects
@: brilliant
A: antennae 1
a: no special abilities


You were on level 3 of the Dungeon.
You visited 1 branch of the dungeon, and saw 3 of its levels.

You collected 133 gold pieces.

Inventory:

Hand Weapons
 a - a +0 trident (weapon)
Missiles
 d - 4 throwing nets {=f, !d=f}
 e - 4 javelins (quivered)
Armour
 b - a +0 leather armour (worn)
 c - a +0 helmet
 m - a scarf of repulsion
   (You found it on level 1 of the Dungeon)
Jewellery
 p - a +4 ring of slaying
   (You took it off a goblin on level 2 of the Dungeon)
Scrolls
 j - 2 scrolls of blinking {unknown}
 k - a scroll of revelation {unknown}
 n - a scroll of teleportation {unknown}
 o - a scroll of identify {unknown}
 r - a scroll of amnesia {unknown}
Potions
 f - a potion of haste {unknown}
 g - a potion of lignification {unknown}
 h - 3 potions of brilliance
 i - 3 potions of curing {unknown}
 l - a potion of degeneration {!q}
 q - a potion of heal wounds {unknown}
 s - a potion of attraction {unknown}


   Skills:
 - Level 2.0 Fighting
 + Level 4.6 Polearms
 - Level 1.7 Throwing
 - Level 2.6 Dodging


You had 3 spell levels left.
You didn't know any spells.
Your spell library was empty.

Dungeon Overview and Level Annotations

Branches:
Dungeon (3/15)

Altars:


Innate Abilities, Weirdness & Mutations

You have a pair of small antennae on your head.


Message History

You closely miss the ball python. The ball python misses you.
The ball python grabs you. The ball python constricts you.
The ball python bites you. The ball python constricts you.
You puncture the ball python!
You kill the ball python!
You see here a ball python corpse.
A hobgoblin comes into view.
Found 9 gold pieces.
Found a stone staircase leading down.
The hobgoblin shouts!
A hobgoblin is nearby!
You reach to attack!
You closely miss the hobgoblin.
A ball python comes into view.
There are monsters nearby!
You barely miss the hobgoblin.
The ball python hisses angrily.
The hobgoblin barely misses you.
There are monsters nearby!
You hit the hobgoblin but do no damage. The hobgoblin hits you.
There are monsters nearby!
You hit the hobgoblin.
You kill the hobgoblin!
A ball python is nearby!
A ball python is nearby!
A ball python is nearby!
You closely miss the ball python.
The ball python bites you but does no damage.
The ball python barely misses you.
A ball python is nearby!
You closely miss the ball python. The ball python bites you.
The ball python barely misses you. The ball python bites you.
The ball python closely misses you.
A ball python is nearby!
A ball python is nearby!
You barely miss the ball python. The ball python misses you.
A ball python is nearby!
You hit the ball python.
You kill the ball python!
You now have 133 gold pieces (gained 9).
There is a stone staircase leading down here.
Terence the Incautious comes into view.
He is wielding a +0 mace.
Terence shouts!
You see here a scroll labelled HESAG DIMEVAFE.
Throw: 4 javelins
Press: ? - help, Q - select action Shift-Dir - straight line, f - Terence
Aim: Terence, wielding a +0 mace and wearing a +0 ring mail (60% to hit)
You throw a javelin. The javelin barely misses Terence.
Throw: 3 javelins
Press: ? - help, Q - select action Shift-Dir - straight line, f/p - Terence
Aim: Terence, wielding a +0 mace and wearing a +0 ring mail (60% to hit)
You throw a javelin. The javelin pierces through Terence.
You barely miss Terence. Terence hits you but does no damage.
You puncture Terence! Terence hits you but does no damage.
You hit Terence. Terence completely misses you.
Terence hits you but does no damage.
You barely miss Terence. Terence hits you with a +0 mace.
You closely miss Terence. Terence hits you with a +0 mace.
You barely miss Terence. Terence barely misses you.
You closely miss Terence.
Terence shouts, "DIE!!!"
Terence misses you.
You barely miss Terence. Terence misses you.
You hit Terence. Terence barely misses you.
You closely miss Terence. Terence closely misses you.
You puncture Terence!
You kill Terence!
You have reached level 4!
You feel clever.
Things that are here:
a +0 mace; a +0 ring mail; the human corpse of Terence
e - 3 javelins (gained 1)
e - 4 javelins (gained 1)
Things that are here:
a +0 mace; a +0 ring mail; the human corpse of Terence
r - a scroll labelled HESAG DIMEVAFE
There is a stone staircase leading down here.
Found a stone staircase leading up.
s - a metallic inky potion No target in view!
An ogre comes into view. It is wielding a +0 giant spiked club.
You reach to attack!
You barely miss the ogre.
An ogre is nearby!
You puncture the ogre! The ogre misses you.
An ogre is nearby!
You barely miss the ogre.
The ogre hits you with a +0 giant spiked club!!
Ouch! That really hurt!
* * * LOW HITPOINT WARNING * * *
It was a potion of brilliance.
You feel clever all of a sudden.
You aren't carrying any items that you can evoke.
Unknown command.
It was a potion of degeneration.
There was something very wrong with that liquid.
You feel weakened.
You feel dopey.
You feel clumsy.
The ogre hits you with a +0 giant spiked club!!
Ouch! That really hurt!
You die...

####.####....†.........#
###.# #...##.##...#.##
#...# ######.##...#.#
#.#.## #.###.##.# #.#..##
#.# #.##.# #.#....# #.#
#.##.# ##.....# #.# #.##.#
#..#..#######.# #.##.#
.....#..@.......###.##.#
...<.#####O.......##...#.#
####. ................# ##
..#.#####.##...### ... .#
#.###.## .... .# #.# #.#
##..# ## ###.###.# #..
#.....#.#
#..######.....#.#


You could see an ogre.

Vanquished Creatures
  Terence (D:3)
  2 adders (D:2)
  A ribbon worm (D:2)
  8 ball pythons
  6 endoplasms
  5 giant cockroaches
  5 goblins
  3 hobgoblins
  A kobold (D:1)
  2 quokkas (D:2)
  A bat (D:1)
  A frilled lizard (D:2)
  A rat (D:1)
37 creatures vanquished.

Notes
Turn   | Place    | Note
-------+----------+-------------------------------------------
     0 | D:1      | domi the Demonspawn Gladiator began the quest for the Orb.
     0 | D:1      | Reached XP level 1. HP: 16/16 MP: 1/1
   115 | D:1      | Reached skill level 3 in Polearms
   180 | D:1      | Gained mutation: You have a pair of small antennae on your
                  | head. [demonic ancestry]
   180 | D:1      | Reached XP level 2. HP: 17/22 MP: 2/2
  1265 | D:2      | Reached XP level 3. HP: 27/27 MP: 3/3
  1428 | D:2      | Reached skill level 4 in Polearms
  1483 | D:2      | Found a faded altar of an unknown god.
  2179 | D:3      | Noticed Terence
  2193 | D:3      | Killed Terence
  2194 | D:3      | Reached XP level 4. HP: 28/33 MP: 4/4
  2250 | D:3      | Noticed an ogre
  2253 | D:3      | HP: 8/33 [ogre/+0 giant spiked club (25)]
  2255 | D:3      | Demolished by an ogre

Illustrated notes

Levels and vault maps discovered:
D:1:      dpeg_arrival_three_same_balls, layout_basic,
          chequers_serial_rivers_micro_c, amethyst_killhole,
          nicolae_concentric_dashed_squares_wild,
          corexii_item_surrounded_by_moat, minmay_misc_feat_secret_circle
D:2:      layout_loops_ring, dreamdust_ecumenical_altar_angels_and_demons,
          corexii_leaking_fountain, chequers_serial_rivers_marsh
D:3:      layout_loops_ring, kennysheep_pointless_box, uniq_terence

Skill      XL: |  1  2  3 |
---------------+----------+-----
Polearms       | 3 4 |  4.6
Fighting       | |  2.0
Throwing       | |  1.7
Dodging        | |  2.6

Action                     |  1- 3 |  4- 6 || total
---------------------------+-------+-------++-------
  Melee: Trident           |   122 |     3 ||   125
  Throw: Javelin           |     2 |       ||     2
    Use: Potion            |       |     2 ||     2
 Armour: Leather armour    |    69 |     2 ||    71
  Dodge: Dodged            |    57 |     1 ||    58

Table legend: (Time is in decaauts)
 A = Elapsed time spent in this place.
 B = Non-inter-level travel time spent in this place.
 C = Inter-level travel time spent in this place.
 D = Time resting spent in this place.
 E = Time spent auto-exploring this place.
 F = Levels seen in this place.
 G = Mean time per level.
                   A        B        C        D        E       F      G
               +--------+--------+--------+--------+--------+-----+--------+
         Total |   2273 |   2145 |    128 |    158 |   1708 |   3 |  757.7 |
       Dungeon |   2273 |   2145 |    128 |    158 |   1708 |   3 |  757.7 |
               +--------+--------+--------+--------+--------+-----+--------+

Top non-repeatable levels by time:
     D:2: 1077 daAuts
     D:1: 1029 daAuts
     D:3: 166 daAuts

Levels and vault maps discovered:
D:1:      dpeg_arrival_three_same_balls, layout_basic,
          chequers_serial_rivers_micro_c, amethyst_killhole,
          nicolae_concentric_dashed_squares_wild,
          corexii_item_surrounded_by_moat, minmay_misc_feat_secret_circle
D:2:      layout_loops_ring, dreamdust_ecumenical_altar_angels_and_demons,
          corexii_leaking_fountain, chequers_serial_rivers_marsh
D:3:      layout_loops_ring, kennysheep_pointless_box, uniq_terence

Table legend: (Time is in decaauts)
 A = Elapsed time spent in this place.
 B = Non-inter-level travel time spent in this place.
 C = Inter-level travel time spent in this place.
 D = Time resting spent in this place.
 E = Time spent auto-exploring this place.
 F = Levels seen in this place.
 G = Mean time per level.
                   A        B        C        D        E       F      G
               +--------+--------+--------+--------+--------+-----+--------+
         Total |   2273 |   2145 |    128 |    158 |   1708 |   3 |  757.7 |
       Dungeon |   2273 |   2145 |    128 |    158 |   1708 |   3 |  757.7 |
               +--------+--------+--------+--------+--------+-----+--------+

Top non-repeatable levels by time:
     D:2: 1077 daAuts
     D:1: 1029 daAuts
     D:3: 166 daAuts

Table legend:
 A = Kills in this place as a percentage of kills in the entire game.
 B = Kills by you in this place as a percentage of kills by you in the entire game.
 C = Kills by friends in this place as a percentage of kills by friends in the entire game.
 D = Other kills in this place as a percentage of other kills in the entire game.
 E = Experience gained in this place as a percentage of experience gained in the entire game.
 F = Experience gained in this place divided by the number of levels of this place that you have seen.
                   A       B       C       D       E      F
               +-------+-------+-------+-------+-------+----------------------
         Total | 100.0 | 100.0 |   N/A |   N/A | 100.0 |  40.3
       Dungeon | 100.0 | 100.0 |   N/A |   N/A | 100.0 |  40.3
               +-------+-------+-------+-------+-------+----------------------
